 Dungeon Crawl Stone Soup version 0.23.0 (webtiles) character file.

Game seed: 15300624498450264807

191 Kairos the Chopper (level 5, -1/28 HPs)
             Began as a Vine Stalker Fighter on Feb 10, 2019.
             Was a Believer of Zin.
             Killed by nerve-wracking pain
             ... invoked by Grinder
              (3 damage)
             ... on level 3 of the Dungeon.
             The game lasted 00:03:48 (1627 turns).

Kairos the Chopper (Vine Stalker Fighter)           Turns: 1627, Time: 00:03:49

Health: -1/28      AC:  9    Str: 19      XL:     5   Next: 70%
Magic:  0/6        EV:  5    Int:  7 (8)  God:    Zin [**....]
Gold:   91         SH:  9    Dex: 14      Spells: 4/4 levels left

rFire    . . .     SeeInvis .   a - +0 war axe
rCold    . . .     Gourm    .   c - +0 shield
rNeg     . . .     Faith    .   h - +0 chain mail
rPois    .         Spirit   +   (no helmet)
rElec    .         Reflect  .   (no cloak)
rCorr    .         Harm     .   (no gloves)
MR       .....     Rnd*Tele +   (no boots)
Stlth    ..........             (no amulet)
HPRegen  0.49/turn              g - ring of teleportation (curse)
MPRegen  0.10/turn              (no ring)

@: no status effects
A: fangs 2, regeneration 1, magic shield, antimagic bite, no potion heal 3, rot
immunity
a: Recite, Vitalisation, Donate Gold, Renounce Religion


You were on level 3 of the Dungeon.
You worshipped Zin.
Zin was pleased with you.
You were hungry.

You visited 1 branch of the dungeon, and saw 3 of its levels.

You collected 101 gold pieces.
You donated 10 gold pieces to Zin.

Inventory:

Hand Weapons
 a - a +0 war axe (weapon)
Armour
 b - a +0 scale mail
 c - a +0 shield (worn)
 h - a +0 chain mail (worn)
Jewellery
 g - a cursed ring of teleportation (left hand)
Scrolls
 i - 2 scrolls of fear {unknown}
 k - 2 scrolls of remove curse {unknown}
 l - a scroll of enchant weapon {unknown}
Potions
 d - a potion of might
 e - a potion of degeneration
 j - 2 potions of mutation {unknown}
 m - a potion of haste {unknown}
 n - a potion of curing
Comestibles
 f - 2 rations


   Skills:
 + Level 3.3 Fighting
 + Level 3.7 Axes
 + Level 3.1 Armour
 + Level 0.3 Dodging
 + Level 0.5 Stealth
 + Level 3.2 Shields


You had 4 spell levels left.
You didn't know any spells.
Your spell library was empty.

Dungeon Overview and Level Annotations

Branches:
Dungeon (3/15)

Altars:
Zin
The Shining One

Annotations:
D:3 Grinder


Innate Abilities, Weirdness & Mutations

You have extremely sharp teeth.
Your natural rate of healing is unusually fast.
When hurt, damage is shared between your health and your magic reserves.
Your bite disrupts and absorbs the magic of your enemies.
Potions cannot restore your health.
You are immune to rotting.


Message History

Grinder is lightly wounded.
You block Grinder's attack.
You hit Grinder. You bite Grinder, but do no damage.
Grinder is lightly wounded.
You block Grinder's attack.
You slash Grinder!
Grinder is moderately wounded.
Grinder falters for a moment. x2
You barely miss Grinder. You bite Grinder, but do no damage.
Grinder is moderately wounded.
Grinder hits you.
* * * LOW HITPOINT WARNING * * *
You writhe in agony.
* * * LOW HITPOINT WARNING * * *
Your chain mail prevents you from hitting Grinder.
Grinder is moderately wounded.
Grinder barely misses you. Grinder gestures at you.
Pain shoots through your body!
You die...

#. ## .#.# ..#
.... #..# ...
....# #..#
#.... #
#.#.###..#
#.##.##.#.#.#
#.......5)..#
###....@)..##.
#....).......
#........%###
#.......#.#
#.......#.#
#.......#.#
####.#.##
#<... ###.##


You could see Grinder.

Vanquished Creatures
  An orc wizard (D:2)
  Natasha (thrice) (D:2)
  A hound skeleton (D:3)
  2 adders (D:2)
  A shadow imp (D:2)
  An ooze (D:1)
  2 dart slugs (D:1)
  An orc (D:3)
  3 giant cockroaches
  5 goblins (D:1)
  9 hobgoblins
  6 kobolds
  7 bats
  2 frilled lizards
  5 rats
49 creatures vanquished.

Vanquished Creatures (others)
  A kobold (D:1)
1 creature vanquished.

Grand Total: 50 creatures vanquished

Notes
Turn   | Place    | Note
-------+----------+-------------------------------------------
     0 | D:1      | Kairos the Vine Stalker Fighter began the quest for the
                  | Orb.
     0 | D:1      | Reached XP level 1. HP: 11/11 MP: 2/2
     4 | D:1      | You fall through a shaft!
    77 | D:1      | Reached XP level 2. HP: 5/16 MP: 1/3
   437 | D:1      | Reached XP level 3. HP: 19/20 MP: 4/4
   718 | D:2      | Found a glowing golden altar of the Shining One.
   995 | D:2      | Noticed Natasha
   999 | D:2      | Killed Natasha
   999 | D:2      | Gained mutation: Your natural rate of healing is unusually
                  | fast. [Vine Stalker growth]
   999 | D:2      | Reached XP level 4. HP: 24/24 MP: 5/5
  1015 | D:2      | Found a faded altar of an unknown god.
  1315 | D:2      | Noticed Natasha
  1326 | D:2      | Became a worshipper of Zin the Law-Giver
  1326 | D:2      | Reached * piety under Zin
  1334 | D:2      | Killed Natasha
  1344 | D:2      | Noticed Natasha
  1353 | D:2      | Killed Natasha
  1353 | D:2      | Reached XP level 5. HP: 28/28 MP: 6/6
  1401 | D:2      | Reached ** piety under Zin
  1600 | D:3      | Noticed Grinder
  1601 | D:3      | Paralysed by Grinder for 4 turns
  1617 | D:3      | Paralysed by Grinder for 5 turns
  1622 | D:3      | HP: 1/28 [Grinder (2)]
  1622 | D:3      | Zin protects you from harm!
  1627 | D:3      | Killed from afar by Grinder

Skill      XL: |  1  2  3  4 |
---------------+-------------+-----
Fighting       | 3 |  3.3
Shields        | 3 |  3.2
Axes           | 2 3 |  3.7
Armour         | 3 |  3.1
Dodging        | |  0.3
Stealth        | |  0.5

Action                   |  1- 3 |  4- 6 || total
-------------------------+-------+-------++-------
Melee: War axe           |    60 |    83 ||   143
       Bite              |    13 |    22 ||    35
  Use: Scroll            |     4 |       ||     4
       Potion            |     4 |       ||     4
  Eat: Chunk             |       |     2 ||     2
Armor: Scale mail        |     6 |       ||     6
       Chain mail        |    24 |    51 ||    75
Dodge: Dodged            |    13 |    16 ||    29
Block: Shield            |    35 |    50 ||    85
